 Dungeon Crawl Stone Soup version 0.28-a0-1412-gf95308ed99 (webtiles) character file.

Game seed: 11948020655093951534

163 funkygono the Magician (level 5, -5/35 HPs)
             Began as a Djinni Fire Elementalist on Jan 6, 2022.
             Slain by Crazy Yiuf (19 damage)
             ... on level 2 of the Dungeon.
             The game lasted 00:03:19 (2186 turns).

funkygono the Magician (Djinni Fire Elementalist)   Turns: 2186, Time: 00:03:21

Health: -5/35      AC:  2    Str:  7    XL:     5   Next: 72%
Gold:   105        EV: 13    Int: 18    God:
                   SH:  0    Dex: 20

rFire   + + .      SeeInvis .   d - +0 long sword
rCold   x . .      Faith    .   (no shield)
rNeg    + . .      Spirit   .   a - +0 robe
rPois   ∞          Reflect  .   (no helmet)
rElec   .          Harm     .   (no cloak)
rCorr   .          Rampage  .   (no gloves)
Will    .....                   (boots unavailable)
Stlth   ++........              (no amulet)
HPRegen 0.11/turn               c - ring of positive energy
MPRegen 0.00/turn               e - +6 ring of dexterity

@: flying
A: sickness immunity, fire resistance 2, cold vulnerability 1, float, innate
caster, hp casting, extra vitality 1
a: no special abilities


You were on level 2 of the Dungeon.
You visited 1 branch of the dungeon, and saw 2 of its levels.

You collected 105 gold pieces.

Inventory:

Hand Weapons
 d - a +0 long sword (weapon)
 f - a +0 dagger
 h - a +0 dagger of freezing
Missiles
 b - 89 stones
Armour
 a - a +0 robe (worn)
 g - a +0 ring mail
Jewellery
 c - a ring of positive energy (left hand)
 e - a +6 ring of dexterity (right hand)
Scrolls
 j - a scroll of fear {unknown}
 k - a scroll of magic mapping
Potions
 i - a potion of cancellation
 l - a potion of invisibility {unknown}
 m - 4 potions of heal wounds {unknown}


   Skills:
 + Level 0.1 Fighting
 + Level 2.8 Dodging
 - Level 1.5 Stealth
 + Level 4.4 Spellcasting


You couldn't memorise any spells.
You knew the following spells:

 Your Spells              Type           Power      Damage    Failure   Level
a - Foxfire               Conj/Fire      76%        2x1d7     2%          1
b - Scorch                Fire           38%        2d7       3%          2
c - Conjure Flame         Conj/Fire      19%        6-21      7%          3
d - Inner Flame           Hex/Fire       19%        N/A       7%          3
e - Flame Wave            Conj/Fire      19%        2d5       22%         4
f - Magic Dart            Conj           76%        1d6       2%          1
g - Call Imp              Summ           19%        N/A       3%          2
Your spell library was empty.

Dungeon Overview and Level Annotations

Branches:
Dungeon (2/15)

Altars:

Shops:
D:2 *

Annotations:
D:2 Crazy Yiuf


Innate Abilities, Weirdness & Mutations

You are immune to sickness and miasma.
You are immune to poison.
Your flesh is very heat resistant. (rF++)
You are vulnerable to cold. (rC-)
You float through the air rather than walking.
You learn spells naturally, not from books.
Your magical power is your life essence.
You have superior vitality. (+4 MHP)


Message History

You conjure some foxfire!
The foxfire hits the rat.
You kill the rat!
Your foxfire dissipates! x2
A bat comes into view.
A bat is nearby!
Casting: Foxfire (safe; 2% risk of failure)
Confirm with . or Enter, or press ? or * to list all spells.
You conjure some foxfire!
The foxfire hits the bat.
You kill the bat!
Your foxfire dissipates!
You reach down and open the door.
There is an open door here.
m - 4 yellow potions (gained 2)
There is a stone staircase leading down here.
There is a shaft here.
There is an open door here.
You reach down and open the door.
There is an open door here.
There is a stone staircase leading down here.
Found a mace.
Found a runed translucent door.
Could not explore, unopened runed door.
You reach down and open the door.
Crazy Yiuf grits, "Ten!"
Casting: Foxfire (safe; 2% risk of failure)
Confirm with . or Enter, or press ? or * to list all spells.
You conjure some foxfire!
Crazy Yiuf closely misses you. Crazy Yiuf barely misses you.
Casting: Foxfire (safe; 2% risk of failure)
Confirm with . or Enter, or press ? or * to list all spells.
You conjure some foxfire!
Crazy Yiuf barely misses you.
Casting: Foxfire (safe; 2% risk of failure)
Confirm with . or Enter, or press ? or * to list all spells.
You conjure some foxfire!
Crazy Yiuf hits you with a +4 quarterstaff of chaos!!
Ouch! That really hurt!
You are electrocuted!!
Ouch! That really hurt!
You die...

....# #'# #.......##.
....# ♣♣.♣ #######..#.
....# ♣.♣♣ ######.#.
....# ♣♣.♣ #...##.#.
....# ♣.♣♣ ###.#.##...
....# ♣♣.♣♣
#..∩....... ....#
♣..P♣♣ ###.#####..
##### ♣gPv.♣ #.....#
#.. #v@v.# #.###.###.>
#v§.)####.........#
#...)#.##..##.###.#
#.#..#.#......# #.#
#..#...#...#### #.#
##.###.....# #.#
#####.# #.##..# #.#
#.....# #.....# #..
#.###########.########


You could see Crazy Yiuf (ally target).

Vanquished Creatures
  An ogre (D:2)
  3 adders (D:2)
  A worm (D:2)
  2 dart slugs
  6 ball pythons
  6 bats
  3 endoplasms
  A giant cockroach (D:1)
  2 goblins
  6 hobgoblins
  4 jackals (D:1)
  A quokka (D:1)
  A frilled lizard (D:1)
  4 kobolds
  3 rats
44 creatures vanquished.

Vanquished Creatures (collateral kills)
  2 foxfires (D:2)
2 creatures vanquished.

Vanquished Creatures (others)
  113 foxfires
113 creatures vanquished.

Grand Total: 159 creatures vanquished

Notes
Turn   | Place    | Note
-------+----------+-------------------------------------------
     0 | D:1      | funkygono the Djinni Fire Elementalist began the quest for
                  | the Orb.
     0 | D:1      | Reached XP level 1. HP: 15/15 MP: 0/0
   227 | D:1      | Reached XP level 2. HP: 15/21 MP: 0/0
   482 | D:1      | Reached skill level 3 in Spellcasting
   582 | D:1      | Reached XP level 3. HP: 21/25 MP: 0/0
   582 | D:1      | Learned a level 1 spell: Magic Dart
  1530 | D:2      | Reached XP level 4. HP: 29/31 MP: 0/0
  1556 | D:2      | Noticed an ogre
  1564 | D:2      | Killed an ogre
  1565 | D:2      | Reached skill level 4 in Spellcasting
  1565 | D:2      | Reached XP level 5. HP: 29/35 MP: 0/0
  1565 | D:2      | Learned a level 2 spell: Call Imp
  1697 | D:2      | Found Utotamumeu's Assorted Antiques.
  2171 | D:2      | Found a runed translucent door.
  2172 | D:2      | Noticed Crazy Yiuf
  2186 | D:2      | Slain by Crazy Yiuf

Illustrated notes

Levels and vault maps discovered:
D:1:      mushboom_english_gardens, layout_basic, minmay_domino_2
D:2:      layout_basic, serial_shops, nicolae_shop_crystal,
          uniq_crazy_yiuf_cottage

Skill      XL: |  1  2  3  4 |
---------------+-------------+-----
Spellcasting   | 3 4 |  4.4
Fighting       | |  0.1
Dodging        | |  2.8
Stealth        | |  1.5

Action                   |  1- 3 |  4- 6 || total
-------------------------+-------+-------++-------
 Cast: Foxfire           |    53 |    23 ||    76
       Scorch            |     3 |     4 ||     7
  Use: Scroll            |     2 |       ||     2
Armor: Robe              |     1 |       ||     1
Dodge: Dodged            |    11 |     3 ||    14

Table legend: (Time is in decaauts)
 A = Elapsed time spent in this place.
 B = Non-inter-level travel time spent in this place.
 C = Inter-level travel time spent in this place.
 D = Time resting spent in this place.
 E = Time spent auto-exploring this place.
 F = Levels seen in this place.
 G = Mean time per level.
                   A        B        C        D        E       F      G
               +--------+--------+--------+--------+--------+-----+--------+
         Total |   2183 |   2183 |      0 |     43 |   1854 |   2 | 1091.5 |
       Dungeon |   2183 |   2183 |      0 |     43 |   1854 |   2 | 1091.5 |
               +--------+--------+--------+--------+--------+-----+--------+

Top non-repeatable levels by time:
     D:1: 1218 daAuts
     D:2: 964 daAuts
